 Dungeon Crawl Stone Soup version 0.19-b1-3-g7dea586 (webtiles) character file.

3115 Ladykiller69 the Carver (level 10, -11/72 HPs)
             Began as a Formicid Fighter on Oct 29, 2016.
             Was a Follower of Cheibriados.
             Mangled by a chaos spawn (14 damage)
             ... summoned by a kobold demonologist
             ... in a bailey.
             The game lasted 00:30:00 (6410 turns).

Ladykiller69 the Carver (Formicid Fighter)          Turns: 6410, Time: 00:30:00

Health: -11/72     AC:  5    Str: 32      XL:     10   Next: 14%
Magic:  10/10      EV: 10    Int:  8 (11) God:    Cheibriados [*.....]
Gold:   324        SH:  0    Dex: 13      Spells: 0 memorised, 9 levels left

rFire  . . .     SeeInvis +     J - +1 long sword
rCold  + . .     Gourm    .     t - +2 scale mail {rC+}
rNeg   . . .     Faith    .     c - +0 shield
rPois  .         Spirit   .     (helmet unavailable)
rElec  .         Reflect  .     l - +0 cloak
rCorr  .         Harm     .     i - +0 pair of gloves
MR     +....                    r - +0 pair of boots
Stlth  ..........               (no amulet)
                                (no ring)
                                s - +1 ring of protection

@: confused, mighty, corroded, very slow
A: permanent stasis, dig shafts and tunnels, four strong arms, antennae 3
a: Dig, Shaft Self, Bend Time, Renounce Religion


You were in a bailey.
You worshipped Cheibriados.
Cheibriados was aware of your devotion.
You were not hungry.

You visited 2 branches of the dungeon, and saw 8 of its levels.
You also visited: Sewer and Bailey.

You collected 439 gold pieces.
You spent 115 gold pieces at shops.

Inventory:

Hand Weapons
 a - a +1 long sword
 J - a +1 long sword (weapon)
Missiles
 m - 12 tomahawks (quivered)
 u - 183 stones
 G - 2 poisoned tomahawks
Armour
 b - a +0 scale mail
 c - a +0 shield (worn)
 i - a +0 pair of gloves (worn)
 l - a +0 cloak (worn)
 p - a +0 chain mail
 r - a +0 pair of boots (worn)
 t - a +2 scale mail of cold resistance (worn)
 x - a +0 plate armour
Jewellery
 s - a +1 ring of protection (left hand)
 B - an uncursed amulet of the gourmand {unknown}
Wands
 o - a wand of flame (16/48)
 v - a wand of slowing (48/48)
Scrolls
 h - 13 scrolls of identify {unknown}
 j - 3 scrolls of enchant weapon
 k - a scroll of fog {unknown}
 y - 2 scrolls of remove curse
 A - a scroll of fear {unknown}
 F - a scroll of amnesia {unknown}
 K - a scroll of holy word
 O - a scroll of immolation {unknown}
Potions
 d - 2 potions of might
 e - a potion of haste
 n - a potion of cancellation {unknown}
 z - 2 potions of curing {unknown}
 C - a potion of heal wounds {unknown}
 D - a potion of agility {unknown}
 E - a potion of ambrosia {unknown}
 H - a potion of brilliance {unknown}
 I - a potion of resistance
Books
 q - a book of Changes

   Spells                             Type                      Level
   a - Beastly Appendage              Transmutation                1
   b - Sticks to Snakes               Transmutation                2
   c - Spider Form                    Transmutation/Poison         3
   d - Ice Form                       Ice/Transmutation            4
   e - Blade Hands                    Transmutation                5
 L - the Volume of Ensnaring Shape Shifting
   (You found it on level 7 of the Dungeon)

   Spells                             Type                      Level
   a - Confusing Touch                Hexes                        1
   b - Confuse                        Hexes                        3
   c - Spider Form                    Transmutation/Poison         3
   d - Cause Fear                     Hexes                        4
   e - Summon Mana Viper              Hexes/Summoning              5
 M - a book of Flames

   Spells                             Type                      Level
   a - Flame Tongue                   Conjuration/Fire             1
   b - Throw Flame                    Conjuration/Fire             2
   c - Conjure Flame                  Conjuration/Fire             3
   d - Inner Flame                    Hexes/Fire                   3
   e - Sticky Flame                   Conjuration/Fire             4
   f - Fireball                       Conjuration/Fire             5
Comestibles
 f - 5 bread rations
 g - 3 chunks of flesh
 w - 2 meat rations


   Skills:
 - Level 4.2 Fighting
 * Level 10.8 Long Blades
 - Level 4.0 Armour
 + Level 9.7 Shields


You had 9 spell levels left.
You didn't know any spells.

Dungeon Overview and Level Annotations

Branches:
Dungeon (7/15)             Temple (1/1) D:6

Altars:
Cheibriados
Okawaru
Qazlal
Ru
Trog
The Shining One

Shops:
D:6 ?


Innate Abilities, Weirdness & Mutations

You are under a permanent stasis effect.
You can dig through walls and to a lower floor.
Your four strong arms can wield two-handed weapons with a shield.
You have a pair of large antennae on your head. (SInv)


Message History

The kobold demonologist hits you with a broad axe.
* * * LOW HITPOINT WARNING * * *
You hit the kobold demonologist.
The kobold demonologist is lightly wounded.
The chaos spawn barely misses you.
The neqoxec gestures.
You block the rust devil's attack.
You slash the kobold demonologist!
The kobold demonologist is moderately wounded.
The kobold demonologist hits you with a broad axe.
* * * LOW HITPOINT WARNING * * *
The chaos spawn gores you!
* * * LOW HITPOINT WARNING * * *
You are confused.
The rust devil hits you.
* * * LOW HITPOINT WARNING * * *
The rust devil corrodes you!
It was a potion of haste.
Your stasis keeps you stable.
The chaos spawn hits you!
You die...

≈≈≈≈≈≈≈≈
≈≈≈≈≈≈≈≈≈≈≈≈≈≈≈≈≈≈≈≈≈≈#.
≈≈≈≈≈≈≈≈
≈≈≈≈≈≈≈≈≈≈≈≈≈≈≈≈≈≈≈≈≈≈.#
≈≈≈≈≈≈≈≈
≈≈≈≈≈≈≈≈≈≈≈≈≈≈≈≈≈≈≈≈≈≈#.
≈≈≈≈≈≈≈≈
≈≈≈≈≈≈≈≈≈≈≈≈≈≈≈≈≈≈≈≈≈≈.#
≈≈≈≈≈≈≈#. ##≈≈≈≈≈.#
#≈≈≈≈≈#. #+#######
#≈≈≈≈≈.# {{#5o4@4..#
{{#≈≈≈≈≈#. {{+.8K8)8.#
#≈≈≈≈≈##
#53g....######≈≈≈≈≈##
#..5.#......#.≈≈≈≈≈≈#
?#....#......#.≈≈≈≈≈.##
..#....#####''#.≈≈≈≈≈...
..#.... #....)#.≈≈≈≈≈...
#+#.... #....)+.........
#..⌠.)+.........


You could see a rust devil, a kobold demonologist, a neqoxec, a chaos spawn, a
crimson imp, an orc, 2 ufetubi and a hobgoblin.

Vanquished Creatures
  The ghost of tv1990 the Basher, a novice FoMo of the Shining One (D:7)
  An orc sorcerer (Bailey)
  2 water moccasins (D:6)
  A sky beast (D:6)
  2 ogres
  3 centaurs (D:6)
  A big kobold (Sewer)
  3 bullfrogs
  A scorpion (D:6)
  A howler monkey (D:6)
  5 wights (D:6)
  2 crimson imps (D:7)
  A centaur zombie (D:5)
  A bullfrog zombie (D:5)
  A quasit (D:7)
  A hound (D:4)
  4 orc priests
  Crazy Yiuf (D:4)
  5 orc wizards
  An iguana (D:7)
  5 worker ants
  A hound skeleton (D:6)
  A worker ant zombie (D:5)
  6 gnolls
  4 adders
  2 river rats (Sewer)
  2 shadow imps
  An ooze (D:2)
  2 adder skeletons
  3 worms
  2 dart slugs (D:1)
  4 leopard geckos
  21 orcs
  7 giant cockroaches
  12 goblins
  5 hobgoblins
  10 jackals
  4 quokkas
  A ball python (D:2)
  13 bats
  3 frilled lizards
  14 kobolds
  A quokka skeleton (D:5)
  14 rats
  A fungus (D:3)
177 creatures vanquished.

Notes
Turn   | Place    | Note
-------+----------+-------------------------------------------
     0 | D:1      | Ladykiller69 the Formicid Fighter began the quest for the Orb.
     0 | D:1      | Reached XP level 1. HP: 18/18 MP: 1/1
    67 | D:1      | Reached XP level 2. HP: 16/24 MP: 2/2
   228 | D:1      | Reached XP level 3. HP: 27/29 MP: 3/3
   691 | D:1      | Reached XP level 4. HP: 32/36 MP: 4/4
   889 | D:2      | Reached skill level 3 in Long Blades
  1302 | D:2      | Reached XP level 5. HP: 34/42 MP: 5/5
  1820 | D:3      | Reached skill level 4 in Long Blades
  1823 | D:3      | Reached XP level 6. HP: 36/48 MP: 6/6
  1959 | D:3      | Found a stormy altar of Qazlal.
  2216 | D:3      | Found a sacrificial altar of Ru.
  2368 | D:3      | Reached skill level 5 in Shields
  2644 | D:4      | Noticed an ogre
  3001 | D:4      | Found an iron altar of Okawaru.
  3007 | D:4      | Reached skill level 5 in Long Blades
  3213 | D:4      | Found a runed door.
  3322 | D:4      | Found a bloodstained altar of Trog.
  3328 | D:4      | Reached XP level 7. HP: 52/54 MP: 7/7
  3337 | D:4      | Found a glowing golden altar of the Shining One.
  3400 | D:4      | Noticed Crazy Yiuf
  3411 | D:4      | Killed Crazy Yiuf
  3516 | D:5      | Entered Level 5 of the Dungeon
  3755 | D:5      | Reached skill level 6 in Long Blades
  3939 | D:5      | Found a glowing drain.
  3944 | Sewer    | Entered a sewer
  4255 | D:5      | Reached XP level 8. HP: 55/60 MP: 8/8
  4382 | D:6      | Reached skill level 7 in Long Blades
  4774 | D:6      | Reached skill level 8 in Long Blades
  4809 | D:6      | Reached XP level 9. HP: 51/65 MP: 9/9
  4824 | D:6      | Found a staircase to the Ecumenical Temple.
  4882 | Temple   | Entered the Ecumenical Temple
  4888 | Temple   | Became a worshipper of Cheibriados the Contemplative
  4932 | D:6      | Reached skill level 9 in Long Blades
  5144 | D:6      | Found Fucwouhoigg's Magic Scroll Shoppe.
  5153 | D:6      | Bought a scroll of holy word for 82 gold pieces
  5153 | D:6      | Bought a scroll of remove curse for 33 gold pieces
  5266 | D:7      | Reached * piety under Cheibriados
  5326 | D:7      | Noticed tv1990's ghost (novice FoMo)
  5342 | D:7      | Identified the Volume of Ensnaring Shape Shifting
  5609 | D:7      | Killed tv1990's ghost
  5609 | D:7      | Reached skill level 10 in Long Blades
  5616 | D:7      | Found a flagged portal.
  5624 | Bailey   | Entered a bailey
  6392 | Bailey   | Noticed an orc sorcerer
  6392 | Bailey   | Noticed a kobold demonologist
  6396 | Bailey   | Noticed a rust devil
  6400 | Bailey   | Noticed a rust devil
  6406 | Bailey   | Killed an orc sorcerer
  6406 | Bailey   | Reached XP level 10. HP: 23/72 MP: 10/10
  6409 | Bailey   | HP: 3/72 [rust devil[a kobold demonologist] (5)]
  6410 | Bailey   | Mangled by a chaos spawn

Skill      XL: |  1  2  3  4  5  6  7  8  9 |
---------------+----------------------------+-----
Shields        | 4 5 6 7 9 |  9.7
Long Blades    | 3 4 5 6 8 10 | 10.8
Armour         | 4 |  4.0
Fighting       | 4 |  4.2

Action                   |  1- 3 |  4- 6 |  7- 9 | 10-12 || total
-------------------------+-------+-------+-------+-------++-------
Melee: Long sword        |   137 |   255 |   379 |     3 ||   774
Throw: Stone             |       |     4 |       |       ||     4
       Tomahawk          |       |       |     5 |       ||     5
 Abil: Dig               |       |       |    10 |       ||    10
  Use: Scroll            |       |       |     5 |       ||     5
       Potion            |       |       |     2 |     1 ||     3
  Eat: Chunk             |       |     9 |    10 |       ||    19
       Fruit             |       |       |     3 |       ||     3
Armor: Scale mail        |    53 |    72 |    26 |     1 ||   152
       Chain mail        |       |    41 |   128 |       ||   169
Dodge: Dodged            |    57 |    71 |   102 |     3 ||   233
Block: Shield            |    75 |   115 |   210 |     2 ||   402
       Rpst.: Long sword |    21 |    18 |    22 |     2 ||    63
